 Dungeon Crawl Stone Soup version 0.21-a0-509-gecc5317 (webtiles) character file.

3689 slep the Cleaver (level 9, 0/79 HPs)
             Began as a Minotaur Gladiator on Dec 1, 2017.
             Was a Believer of Okawaru.
             Slain by an orc warrior
             ... wielding a +0 glaive
              (15 damage)
             ... in a bailey.
             The game lasted 00:24:04 (6387 turns).

slep the Cleaver (Minotaur Gladiator)               Turns: 6387, Time: 00:24:07

Health: 0/79       AC: 12    Str: 23    XL:     9   Next: 90%
Magic:  17/17      EV: 10    Int:  6    God:    Okawaru [**....]
Gold:   474        SH:  0    Dex: 12    Spells: 8/8 levels left

rFire    . . .     SeeInvis .   a - +0 war axe
rCold    . . .     Gourm    .   (no shield)
rNeg     . . .     Faith    .   e - +0 chain mail
rPois    .         Spirit   .   c - +0 hat
rElec    .         Reflect  .   x - +0 cloak
rCorr    .         Harm     .   (no gloves)
MR       .....                  (no boots)
Stlth    ..........             n - amulet of regeneration
HPRegen  0.63/turn              y - +2 ring of strength
MPRegen  0.15/turn              p - ring of magical power

@: flying
A: retaliatory headbutt, horns 2
a: Heroism, Renounce Religion


You were in a bailey.
You worshipped Okawaru.
Okawaru was pleased with you.
You were not hungry.

You visited 2 branches of the dungeon, and saw 9 of its levels.
You also visited: Sewer and Bailey.

You collected 485 gold pieces.
You spent 11 gold pieces at shops.

Inventory:

Hand Weapons
 a - a +0 war axe (weapon)
 r - a +0 flail of protection
 I - a +0 whip of venom
Missiles
 d - 2 throwing nets (quivered)
Armour
 b - a +0 leather armour
 c - a +0 hat (worn)
 e - a +0 chain mail (worn)
 x - a +0 cloak (worn)
Jewellery
 l - an uncursed ring of flight
 n - an amulet of regeneration (around neck)
 p - a ring of magical power (right hand)
 y - a +2 ring of strength (left hand)
Wands
 z - a wand of acid (8)
 H - a wand of paralysis (11)
Scrolls
 h - 2 scrolls of blinking {unknown}
 i - 8 scrolls of identify {unknown}
 j - 6 scrolls of teleportation {unknown}
 k - a scroll of remove curse {unknown}
 o - 2 scrolls of fear {unknown}
 q - a scroll of immolation {unknown}
 s - a scroll of fog {unknown}
 B - 2 scrolls of enchant weapon {unknown}
 D - 3 scrolls of magic mapping {unknown}
Potions
 g - 3 potions of curing
 m - 3 potions of brilliance
 t - 2 potions of heal wounds
 C - 3 potions of flight
 F - 2 potions of lignification {unknown}
 G - 2 potions of degeneration
Comestibles
 f - 6 bread rations
 u - 2 meat rations
 v - 5 fruits
 w - 7 royal jellies
 A - 3 chunks of flesh


   Skills:
 + Level 7.5 Fighting
 + Level 12.7 Axes
 + Level 2.2 Throwing
 + Level 7.5 Armour
 + Level 4.8 Dodging
 + Level 0.7 Stealth


You had 8 spell levels left.
You didn't know any spells.

Dungeon Overview and Level Annotations

Branches:
Dungeon (8/15)             Temple (1/1) D:6
   Lair: D:8-11

Altars:
Ashenzari
Cheibriados
Dithmenos
Elyvilon
Fedhas
Gozag
Hepliaklqana
Kikubaaqudgha
Makhleb
Nemelex Xobeh
Okawaru
Qazlal
Ru
Trog
Uskayaw
Vehumet
Wu Jian
Xom
Yredelemnul
Zin
The Shining One

Shops:
D:4 %   D:6 *   D:7 %


Innate Abilities, Weirdness & Mutations

You reflexively headbutt those who attack you in melee.
You have a pair of horns on your head.


Message History

The orc warrior hits you from afar with a trident. x2
The orc closely misses you. The orc barely misses you.
The orc suddenly jeers, as Orcs often do.
You barely miss the orc. You closely miss the orc warrior. You slash the orc!
You kill the orc!
Okawaru accepts your kill.
The orc warrior hits you from afar with a glaive!
The orc warrior hits you from afar with a trident!
The orc warrior barely misses you.
The orc warrior hits you from afar with a halberd!!
* * * LOW HITPOINT WARNING * * *
The orc closely misses you. The orc warrior completely misses you.
There is an open door, spattered with blood here.
It was a potion of flight.
You feel very buoyant.
You fly up into the air.
The orc hits you with a war axe.
* * * LOW HITPOINT WARNING * * *
The orc completely misses you.
The orc warrior hits you from afar with a glaive!
You die... ##.....## #.......# #.......# #.......# #.......# #oooo)..# #oooo.#

###o###
#.@.#
#...#
#...#
#...#
###'###
##.....##
#.......#
#.......#
#.).....#


You could see 3 orc warriors and 4 orcs.

Vanquished Creatures
  The ghost of DarkHelmet the Basher, a novice GrFi (D:7)
  Pikel (D:7)
  A water moccasin (D:5)
  An orc warrior (D:7)
  2 sky beasts
  An eye of draining (D:7)
  2 ice beasts
  2 slaves (D:6)
  3 ogres
  5 centaurs
  A big kobold (Sewer)
  A bullfrog (D:7)
  A gnoll sergeant (D:6)
  5 scorpions
  A crimson imp (D:6)
  A jelly (D:7)
  A bullfrog zombie (D:5)
  3 bullfrog skeletons
  4 orc priests
  A gnoll shaman (D:7)
  Terence (D:2)
  Jessica (D:2)
  3 iguanas
  4 orc wizards
  2 worker ants
  9 gnolls
  6 adders
  3 river rats (Sewer)
  2 shadow imps
  2 oozes
  2 adder skeletons
  2 adder zombies
  A worm (D:2)
  A dart slug (D:2)
  5 leopard geckos
  38 orcs
  6 bats
  7 giant cockroaches
  8 goblins
  8 hobgoblins
  5 jackals
  4 kobolds
  4 quokkas
  A ball python (D:3)
  3 frilled lizards
  2 gnoll zombies (D:5)
  A leopard gecko skeleton (D:4)
  7 rats
176 creatures vanquished.

Notes
Turn   | Place    | Note
-------+----------+-------------------------------------------
     0 | D:1      | slep the Minotaur Gladiator began the quest for the Orb.
     0 | D:1      | Reached XP level 1. HP: 18/18 MP: 0/0
   375 | D:1      | Reached skill level 4 in Axes
   377 | D:1      | Reached XP level 2. HP: 25/25 MP: 1/1
   889 | D:2      | Noticed Terence
   901 | D:2      | Killed Terence
   901 | D:2      | Reached XP level 3. HP: 18/30 MP: 2/2
   933 | D:2      | Reached skill level 1 in Armour
  1001 | D:2      | Reached skill level 5 in Axes
  1020 | D:2      | Reached XP level 4. HP: 37/37 MP: 3/3
  1042 | D:2      | Found a sacrificial altar of Ru.
  1056 | D:2      | Noticed Jessica
  1058 | D:2      | Killed Jessica
  1132 | D:2      | Found a sparkling altar of Nemelex Xobeh.
  1133 | D:2      | Found a blossoming altar of Fedhas.
  1481 | D:2      | Found a white marble altar of Elyvilon.
  1495 | D:2      | Reached XP level 5. HP: 34/45 MP: 4/4
  1798 | D:3      | Reached skill level 6 in Axes
  2393 | D:4      | Noticed an ogre
  2402 | D:4      | Killed an ogre
  2402 | D:4      | Reached XP level 6. HP: 5/51 MP: 5/5
  2425 | D:4      | Reached skill level 7 in Axes
  2758 | D:4      | Found Dinlafay's Food Shoppe.
  2804 | D:4      | Found a glowing golden altar of the Shining One.
  3251 | D:5      | Entered Level 5 of the Dungeon
  3383 | D:5      | Noticed a sky beast
  3403 | D:5      | Killed a sky beast
  3442 | D:5      | Reached XP level 7. HP: 33/58 MP: 6/6
  3444 | D:5      | Reached skill level 8 in Axes
  3478 | D:5      | Found a hide-covered altar of Uskayaw.
  3619 | D:5      | Found a basalt altar of Yredelemnul.
  3664 | D:5      | Reached skill level 5 in Armour
  3968 | D:5      | Reached skill level 9 in Axes
  3968 | D:5      | Reached XP level 8. HP: 57/67 MP: 7/7
  4009 | D:5      | Found a bloodstained altar of Trog.
  4400 | D:6      | Found a staircase to the Ecumenical Temple.
  4405 | Temple   | Entered the Ecumenical Temple
  4461 | Temple   | Became a worshipper of Warmaster Okawaru
  4776 | D:6      | Found a glowing drain.
  4788 | Sewer    | Entered a sewer
  4856 | Sewer    | Reached skill level 5 in Fighting
  4856 | Sewer    | Reached skill level 10 in Axes
  4869 | Sewer    | Found a white marble altar of Elyvilon.
  4937 | D:6      | Found Xois's General Store.
  4945 | D:6      | Bought a potion of degeneration for 11 gold pieces
  5392 | D:7      | Noticed DarkHelmet's ghost (novice GrFi)
  5491 | D:7      | Reached * piety under Okawaru
  5503 | D:7      | Reached skill level 11 in Axes
  5506 | D:7      | Killed DarkHelmet's ghost
  5506 | D:7      | Reached XP level 9. HP: 29/77 MP: 8/8
  5533 | D:7      | Noticed Pikel
  5700 | D:7      | Killed Pikel
  5700 | D:7      | Reached ** piety under Okawaru
  5700 | D:7      | Reached skill level 12 in Axes
  5982 | D:7      | Found Asagh's Food Emporium.
  6268 | D:8      | Found a hide-covered altar of Uskayaw.
  6307 | D:8      | Found a flagged portal.
  6318 | Bailey   | Entered a bailey
  6387 | Bailey   | Slain by an orc warrior

Vault maps used:
D:1:      co_arrival_random_square_maze
D:2:      nicolae_overflow_crystal_walls, grunt_temple_overflow_open,
          old_standard_altar, uniq_terence, uniq_jessica
D:3:      wad_pebble_path, minmay_misc_feat_room
D:4:      tso_altar, serial_shops, shop
D:5:      lemuel_crystal_altar, overflow_temple_1_default,
          lemuel_zombie_altar_yredelemnul, first_bread
D:6:      temple_doors_cd, gup_sewer_entry_pipe, serial_shops,
          nicolae_shop_behind_doors, minmay_statues_item
D:7:      serial_shops, shop, uniq_pikel
D:8:      kennysheep_mini_moat, enter_bailey_3, basic_altar, uniq_psyche
Temple:   dshaligram_water_room_temple
Sewer:    sewer_kobolds
Bailey:   bailey_polearm_5, bailey

Skill      XL: |  1  2  3  4  5  6  7  8  9 |
---------------+----------------------------+-----
Axes           | 4 5 6 7 9 11 12 | 12.7
Armour         | 1 2 3 5 6 7 |  7.5
Fighting       | 3 4 6 7 |  7.5
Dodging        | 4 |  4.8
Throwing       | |  2.2
Stealth        | |  0.7

Action                   |  1- 3 |  4- 6 |  7- 9 || total
-------------------------+-------+-------+-------++-------
Melee: War axe           |    73 |   100 |   253 ||   426
       Headbutt          |    11 |    21 |    56 ||    88
Throw: Throwing net      |     1 |     2 |       ||     3
Evoke: Wand              |       |       |     1 ||     1
  Use: Potion            |       |       |     7 ||     7
 Stab: Held in net/web   |     1 |       |       ||     1
  Eat: Chunk             |       |     8 |    10 ||    18
Armor: Chain mail        |    42 |    50 |   131 ||   223
Dodge: Dodged            |    29 |    44 |   146 ||   219

Table legend:
 A = Spawn XP
 B = Non-spawn XP
 C = Spawn XP percentage of total XP
 D = Spawn monster count
 E = Non-spawn monster count
 F = Spawn count percentage of total count
 G = Total turns spent on level
                    A         B        C        D         E        F      G
               +---------+---------+-------+---------+---------+-------+---------
         Total |       0 |    5271 |   0.0 |       0 |     174 |   0.0 |  6387
               +---------+---------+-------+---------+---------+-------+---------
           D:1 |       0 |      24 |   0.0 |       0 |      13 |   0.0 |   889
           D:2 |       0 |     182 |   0.0 |       0 |      23 |   0.0 |   711
           D:3 |       0 |      83 |   0.0 |       0 |      17 |   0.0 |   788
           D:4 |       0 |     270 |   0.0 |       0 |      12 |   0.0 |   863
           D:5 |       0 |     878 |   0.0 |       0 |      24 |   0.0 |  1063
           D:6 |       0 |    1013 |   0.0 |       0 |      25 |   0.0 |  1121
           D:7 |       0 |    2466 |   0.0 |       0 |      27 |   0.0 |   534
           D:8 |       0 |     163 |   0.0 |       0 |       9 |   0.0 |    87
         Sewer |       0 |     147 |   0.0 |       0 |       9 |   0.0 |   125
        Bailey |       0 |      45 |   0.0 |       0 |      15 |   0.0 |    69
               +---------+---------+-------+---------+---------+-------+---------
